 Dungeon Crawl Stone Soup version 0.18.1-8-gdd0e5ea (webtiles) character file.

72 jacquesderrida the Poker (level 4, 14/49 HPs)
             Began as a Demonspawn Skald on May 21, 2016.
             Quit the game on level 4 of the Dungeon.
             The game lasted 00:04:51 (941 turns).

jacquesderrida the Poker (Demonspawn Skald)          Turns: 941, Time: 00:04:51

Health: 14/49      AC: 22    Str: 18    XL:     4   Next: 7%
Magic:  5/7        EV:  2    Int: 14    God:
Gold:   60         SH:  0    Dex: 12    Spells: 2 memorised, 3 levels left

rFire  . . .     SeeInvis .     o - +1 quarterstaff (curse)
rCold  . . .     Gourm    .     (armour currently unavailable)
rNeg   + + +     Faith    .     (shield currently unavailable)
rPois  +         Spirit   .     (helmet currently unavailable)
rElec  .         Dismiss  .     (cloak currently unavailable)
rCorr  .         Reflect  .     (gloves currently unavailable)
SustAt .         Harm     .     (boots currently unavailable)
MR     .....     NoTele   +     (no amulet)
Stlth  +.........               (no ring)
                                (no ring)

@: mighty, tree-form, not resistant to hostile enchantments, very unstealthy
A: (cold resistance 0), powered by pain 1
a: no special abilities


You were on level 4 of the Dungeon.
You were not hungry.
You were a tree.
You visited 1 branch of the dungeon, and saw 4 of its levels.

You collected 60 gold pieces.

Inventory:

Hand Weapons
 a - a +0 spear
 o - a cursed +1 quarterstaff (weapon)
Missiles
 l - 2 tomahawks (quivered)
Armour
 b - a +0 leather armour (melded)
 k - a +1 pair of boots (melded)
Scrolls
 f - a scroll of amnesia
 h - a scroll of recharging
Potions
 j - 2 potions of haste
 t - 2 potions of cure mutation
Books
 c - a book of Battle

   Spells                             Type                      Level
   a - Infusion                       Charms                       1
   b - Shroud of Golubria             Charms/Translocation         2
   c - Song of Slaying                Charms                       2
   d - Spectral Weapon                Hexes/Charms                 3
   e - Regeneration                   Charms/Necromancy            3
Comestibles
 d - 2 bread rations
 g - a meat ration


   Skills:
 - Level 2.2 Fighting
 + Level 3.2 Polearms
 - Level 0.8 Armour
 - Level 0.8 Dodging
 - Level 2.1 Spellcasting
 - Level 2.9 Charms
 + Level 1.5 Necromancy


You had 3 spell levels left.
You knew the following spells:

 Your Spells              Type           Power        Failure   Level  Hunger
a - Infusion              Chrm           #...         10%         1    ##.....
r - Regeneration          Chrm/Necr      #.........   30%         3    ####...


Dungeon Overview and Level Annotations

Branches:
Dungeon (4/15)             Temple (0/1) D:4

Altars:
Qazlal
Yredelemnul

Annotations:
D:2 Sigmund
D:3 jacquesderrida's ghost, amateur DsSk


Innate Abilities, Weirdness & Mutations

((Your flesh is cold resistant.))
You sometimes gain a little power by taking damage.


Message History

Okay, then.
You closely miss something.
You hear some strange, mumbled words.
A magic dart appears from out of thin air!
The magic dart hits you!
The orc warrior hits you from afar with an enchanted halberd.
Something hits you but does no damage.
You miss something.
The orc warrior hits you from afar with an enchanted halberd.
* * * LOW HITPOINT WARNING * * *
Something hits you but does no damage.
You closely miss something.
You hear some strange, mumbled words.
A puff of flame appears from out of thin air!
Helpless, you fail to dodge the puff of flame.
The orc warrior hits you but does no damage.
You hear some strange, mumbled words.
A puff of flame appears from out of thin air!
The puff of flame hits you!
Are you sure you want to abandon this character and quit the game? (Confirm with "yes".)

## .. ##
#############
#o{♣........#
#o#########.# ##.###
###### #o...# .....#
#o#### ####.#
#.......%..8.>
####.###..###.####8..
...............
####.###...#..#


You could see an orc warrior and an orc wizard.

Vanquished Creatures
  4 adders
  2 dart slugs (D:3)
  5 orcs (D:3)
  3 giant cockroaches
  A goblin (D:1)
  3 hobgoblins
  2 jackals (D:3)
  3 kobolds (D:1)
  2 bats
  A giant newt (D:3)
  A rat (D:3)
27 creatures vanquished.

Notes
Turn   | Place    | Note
--------------------------------------------------------------
     0 | D:1      | jacquesderrida the Demonspawn Skald began the quest for the Orb.
     0 | D:1      | Reached XP level 1. HP: 16/16 MP: 3/3
   286 | D:1      | Gained mutation: You sometimes gain a little power by taking damage. [demonic ancestry]
   286 | D:1      | Reached XP level 2. HP: 10/22 MP: 5/5
   370 | D:2      | Noticed Sigmund
   377 | D:2      | Reached skill level 2 in Polearms
   487 | D:2      | Reached XP level 3. HP: 11/27 MP: 0/6
   521 | D:2      | Learned a level 3 spell: Regeneration
   545 | D:3      | Reached skill level 3 in Polearms
   629 | D:3      | HP: 1/27 [giant newt (3)]
   633 | D:3      | Reached skill level 1 in Necromancy
   709 | D:3      | Noticed jacquesderrida's ghost (amateur DsSk)
   712 | D:3      | EBAAAAAAAAAAT
   785 | D:3      | Gained mutation: Your flesh is cold resistant. [demonic ancestry]
   785 | D:3      | Reached XP level 4. HP: 10/33 MP: 3/7
   796 | D:3      | Found a stormy altar of Qazlal.
   804 | D:3      | Found a basalt altar of Yredelemnul.
   863 | D:3      | HP: 1/33 [jacquesderrida's ghost (3)]
   923 | D:4      | Found a staircase to the Ecumenical Temple.
   931 | D:4      | Noticed an orc warrior
   941 | D:4      | Quit the game

Skill      XL: |  1  2  3 |
---------------+----------+-----
Polearms       | 2 3 |  3.2
Necromancy     | 1 |  1.5
Fighting       | |  2.2
Armour         | |  0.8
Dodging        | |  0.8
Spellcasting   | |  2.1
Charms         | |  2.9

Action                   |  1- 3 |  4- 6 || total
-------------------------+-------+-------++-------
Melee: Spear             |    59 |       ||    59
       Quarterstaff      |    59 |    10 ||    69
 Cast: Infusion          |     3 |     1 ||     4
       Regeneration      |     4 |     2 ||     6
  Use: Scroll            |       |     8 ||     8
       Potion            |       |     2 ||     2
 Stab: Sleeping          |     1 |       ||     1
  Eat: Chunk             |       |     2 ||     2
Armor: Leather armour    |    40 |     2 ||    42
       Skin              |       |     9 ||     9
Dodge: Dodged            |    81 |     1 ||    82
